 Dungeon Crawl Stone Soup version 0.31.0-11-ge490571c62 (webtiles) character file.

Game seed: 15271401978568100888

69 qw the Shooter (level 4, -2/22 HPs)
             Began as a Spriggan Hunter on Feb 5, 2024.
             Slain by a cerulean imp
             ... wielding a +0 spear
             ... summoned by Natasha
              (5 damage)
             ... on level 2 of the Dungeon.
             The game lasted 00:00:26 (1235 turns).

qw the Shooter (Spriggan Hunter)                    Turns: 1235, Time: 00:00:26

Health: -2/22      AC:  2    Str:  7    XL:     4   Next: 2%
Magic:  5/5        EV: 19    Int: 10    God:
Gold:   71         SH:  0    Dex: 20    Spells: 3/3 levels left

rFire   . . .        a - +0 shortbow
rCold   . . .        (shield currently unavailable)
rNeg    . . .        c - +0 robe
rPois   .            (helmet restricted)
rElec   .            (no cloak)
rCorr   .            (gloves unavailable)
SInv    +            (boots unavailable)
Will    .....        (no amulet)
Stlth   ++           (no ring)
HPRegen 0.23/turn    (no ring)
MPRegen 0.09/turn

%: no passive effects
@: very quick
A: very small, no large weapons, unfitting armour, see invisible, speed 3
a: no special abilities


You were on level 2 of the Dungeon.
You visited 1 branch of the dungeon, and saw 2 of its levels.

You collected 115 gold pieces.
You spent 44 gold pieces at shops.


Innate Abilities, Weirdness & Mutations

You are very small and have problems with some larger weapons.
You are too small for most types of armour.
You have supernaturally acute eyesight. (SInv)
You cover ground extremely quickly. (Speed+++)


   Skills:
 - Level 1.5 Fighting
 - Level 5.0 Ranged Weapons
 + Level 4.3 Dodging
 - Level 1.5 Stealth


You had 3 spell levels left.
You didn't know any spells.
Your spell library was empty.

Inventory:

Hand Weapons
 a - a +0 shortbow (weapon)
Armour
 c - a +0 robe (worn)
Wands
 k - a wand of polymorph (8)
Scrolls
 b - a scroll of immolation {unknown}
 g - a scroll of identify {unknown}
 h - a scroll of vulnerability {unknown}
 i - a scroll of acquirement {unknown}
 j - a scroll of teleportation {unknown}
Potions
 d - a potion of curing
 e - a potion of degeneration {unknown}
 f - a potion of cancellation {unknown}

Dungeon Overview and Level Annotations

Branches:
Dungeon (2/15)

Altars:

Shops:
D:2 *

Annotations:
D:2 Natasha


Message History

1225 ||| RETREEEEATING.
Enter note:
Enter note:
1226 ||| RETREEEEATING.
You shoot an arrow. The arrow hits the hobgoblin!
You kill the hobgoblin!
You shoot an arrow.
The arrow barely misses the ball python.
You shoot an arrow. The arrow hits the adder.
The adder is moderately wounded.
Enter note:
Enter note:
1230 ||| RETREEEEATING.
You shoot an arrow. The arrow hits the adder.
The adder is almost dead.
The adder completely misses you.
You shoot an arrow. The arrow misses the adder.
The arrow hits the ball python but does no damage.
The adder closely misses you. The cerulean imp misses you. The adder bites you.
You are poisoned.
The adder poisons you! The cerulean imp closely misses you.
You shoot an arrow. The arrow closely misses the adder.
The arrow hits the ball python!
You kill the ball python!
You feel sick. The adder misses you.
The cerulean imp hits you but does no damage.
Natasha casts a spell.
Your Ranged Weapons skill increases to level 5!
You shoot an arrow. The arrow hits the adder!
You kill the adder!
You feel sick. The cerulean imp completely misses you.
Natasha zaps a wand.
The puff of flame hits you!
Ouch! That really hurt!
You have reached level 4!
You shoot an arrow. The arrow hits the cerulean imp.
The cerulean imp is heavily wounded.
You feel sick.
You are no longer poisoned.
The cerulean imp hits you from afar with a +0 spear.
You die...

# # ### # .. .....#. ##
###. ..#.... .# .## ...##
....... .##... .>.. #..#
....... ............ #@#
....$.. #.#..........
#%##.....#.
#............###h5#.......
# #.............5.......h#
# ###......##..........5.
#####.......##.....#.##.#.
.............#.........
#...............%<.......#
..##.........#...........#


You could see Natasha and 2 cerulean imps.

Vanquished Creatures
  Natasha (D:2)
  An adder (D:2)
  3 dart slugs
  3 ball pythons
  3 endoplasms
  3 goblins
  4 hobgoblins
  A quokka (D:2)
  4 bats
  2 frilled lizards (D:1)
  2 kobolds
  6 rats
33 creatures vanquished.

Notes
Turn   | Place    | Note
-------+----------+-------------------------------------------
     0 | D:1      | qw the Spriggan Hunter began the quest for the Orb.
     0 | D:1      | Reached XP level 1. HP: 10/10 MP: 2/2
     0 | D:1      | 0 ||| qw: Version: 0.3-a-160-g6735b56
     0 | D:1      | 0 ||| qw: Game counter: 6472
     0 | D:1      | 0 ||| qw: Melee chars always use a shield: true
     0 | D:1      | 0 ||| qw: God list: Okawaru
     0 | D:1      | 0 ||| qw: Allow faded altars: false
     0 | D:1      | 0 ||| qw: Do Orc after clearing Dungeon:15 true
     0 | D:1      | 0 ||| qw: Do second Lair branch before Depths: true
     0 | D:1      | 0 ||| qw: Lair rune preference: random
     0 | D:1      | 0 ||| qw: Goals: Normal
     0 | D:1      | 0 ||| PLANNING D:1-11
   113 | D:1      | Reached skill level 3 in Dodging
   284 | D:1      | Reached XP level 2. HP: 14/14 MP: 3/3
   331 | D:1      | 331 ||| READING scroll labelled ITTETHR SILEG.
   566 | D:1      | Found a faded altar of an unknown god.
   968 | D:1      | 968 ||| READING scroll labelled FIG BOGGIHO.
   969 | D:1      | 969 ||| DRINKING 2 purple potions.
   970 | D:1      | 970 ||| DROPPING scroll of butterflies.
  1007 | D:2      | Found Ylamal's Assorted Antiques.
  1021 | D:2      | 1021 ||| BUYING scroll labelled ACUAL DAINT (22 gold).
  1021 | D:2      | Bought a scroll labelled ACUAL DAINT for 22 gold pieces
  1021 | D:2      | 1021 ||| BUYING scroll labelled WINUETI YXEI (22 gold).
  1021 | D:2      | Bought a scroll labelled WINUETI YXEI for 22 gold pieces
  1134 | D:2      | Noticed Natasha
  1138 | D:2      | 1138 ||| FLEEEEING.
  1139 | D:2      | 1139 ||| FLEEEEING.
  1140 | D:2      | 1140 ||| FLEEEEING.
  1142 | D:2      | 1142 ||| FLEEEEING.
  1143 | D:2      | 1143 ||| FLEEEEING.
  1144 | D:2      | 1144 ||| FLEEEEING.
  1149 | D:2      | Reached XP level 3. HP: 13/18 MP: 4/4
  1151 | D:2      | Killed Natasha
  1223 | D:2      | Noticed Natasha
  1225 | D:2      | 1225 ||| RETREEEEATING.
  1226 | D:2      | 1226 ||| RETREEEEATING.
  1230 | D:2      | 1230 ||| RETREEEEATING.
  1234 | D:2      | Reached skill level 5 in Ranged Weapons
  1234 | D:2      | HP: 3/18 [Natasha/puff of flame (10)]
  1235 | D:2      | Reached XP level 4. HP: 4/22 MP: 5/5
  1235 | D:2      | Slain by a cerulean imp

Levels and vault maps discovered:
D:1:      tarquinn_simple_flora_water_c, layout_basic, serial_co_window_serial,
          co_window_of_opportunity_a, co_window_of_opportunity_a,
          co_window_paths_a, co_window_of_opportunity_a, co_window_corner_a,
          co_window_broadway_a, co_window_broadway_a, co_window_unsneaky_path_c,
          co_window_unsneaky_path_c, glass_columns_a, glass_columns_a,
          glass_columns_a, glass_columns_a, glass_columns_a,
          shapermc_ecumenical_altar_ellora, hangedman_decor_opposing
D:2:      layout_rooms, serial_shops, shop, uniq_crazy_yiuf_cottage,
          uniq_natasha

Skill      XL: |  1  2  3 |
---------------+----------+-----
Dodging        | 3 4 |  4.3
Ranged Weapons | 5 |  5.0
Fighting       | |  1.5
Stealth        | |  1.5

Action                     |  1- 3 |  4- 6 || total
---------------------------+-------+-------++-------
   Fire: Shortbow          |    97 |     1 ||    98
    Use: Scroll            |     2 |       ||     2
         Potion            |     1 |       ||     1
 Armour: Robe              |     7 |     1 ||     8
  Dodge: Dodged            |    37 |       ||    37

Table legend:
 A = Non-vault XP
 B = Vault XP
 C = Vault XP percentage of total XP
 D = Non-vault monster count
 E = Vault monster count
 F = Vault count percentage of total count
                 A         B        C        D         E       F
            +---------+---------+-------+---------+---------+-------
      Total |      64 |      35 |  35.4 |      32 |       1 |   3.0
            +---------+---------+-------+---------+---------+-------
        D:1 |      24 |       0 |   0.0 |      16 |       0 |   0.0
        D:2 |      40 |      35 |  46.7 |      16 |       1 |   5.9
            +---------+---------+-------+---------+---------+-------
